 Dungeon Crawl Stone Soup version 0.22-a0-303-g4a852b3 (webtiles) character file.

751 Chaotic the Covered (level 7, -8/63 HPs)
             Began as a Minotaur Fighter on Mar 27, 2018.
             Killed from afar by Dowan (9 damage)
             ... with a puff of flame
             ... on level 5 of the Dungeon.
             The game lasted 00:10:37 (4145 turns).

Chaotic the Covered (Minotaur Fighter)              Turns: 4145, Time: 00:10:38

Health: -8/63      AC:  0    Str: 22    XL:     7   Next: 49%
Magic:  6/6        EV: 17    Int: 10    God:
Gold:   217        SH:  2    Dex: 15    Spells: 6/6 levels left

rFire    . . .     SeeInvis .   (weapon currently unavailable)
rCold    . . .     Gourm    .   (shield currently unavailable)
rNeg     . . .     Faith    .   (armour currently unavailable)
rPois    .         Spirit   .   (helmet currently unavailable)
rElec    .         Reflect  +   (cloak currently unavailable)
rCorr    .         Harm     .   (gloves currently unavailable)
MR       .....                  (boots currently unavailable)
Stlth    +.........             g - +2 amulet of reflection
HPRegen  0.20/turn              (ring currently unavailable)
MPRegen  0.10/turn              (ring currently unavailable)

@: brilliant, bat-form, flying, heavily drained, very quick
A: tiny, (retaliatory headbutt)
a: no special abilities


You were on level 5 of the Dungeon.
You were hungry.
You were in bat-form.
You visited 1 branch of the dungeon, and saw 5 of its levels.

You collected 217 gold pieces.

Inventory:

Hand Weapons
 a - a +0 war axe (melded)
Armour
 b - a +0 scale mail (melded)
 c - a +0 shield (melded)
 i - the +2 cloak of the Swamp {+Inv rC+ Regen+ Int-5}
   (You found it on level 4 of the Dungeon)

   It affects your intelligence (-5).
   It protects you from cold.
   It lets you turn invisible.
   It increases your rate of regeneration.
Jewellery
 g - a +2 amulet of reflection (around neck)
 k - a +3 ring of dexterity {unknown}
 n - a +4 ring of evasion (melded)
 o - a +4 ring of slaying (melded)
 r - a +4 ring of intelligence
 s - an uncursed ring of resist corrosion
Potions
 d - 2 potions of might
 p - a potion of resistance {unknown}
 t - a potion of heal wounds {unknown}
Comestibles
 f - 3 rations


   Skills:
 + Level 6.1(3.5) Fighting
 + Level 5.5(2.9) Axes
 + Level 6.2(3.5) Armour
 + Level 6.1(3.5) Shields


You had 6 spell levels left.
You didn't know any spells.

Dungeon Overview and Level Annotations

Branches:
Dungeon (5/15)
 Temple: D:4-7

Altars:
Gozag
Qazlal
Sif Muna
Wu Jian

Shops:
D:4 !%(   D:5 *

Annotations:
D:5 Dowan, Duvessa


Innate Abilities, Weirdness & Mutations

((You reflexively headbutt those who attack you in melee.))
((You have a pair of horns on your head.))


Message History

Dowan hits you with a dagger.
* * * LOW HITPOINT WARNING * * *
It was a potion of brilliance.
You feel clever all of a sudden.
Duvessa hits you with a short sword of draining.
* * * LOW HITPOINT WARNING * * *
You feel drained.
Dowan points at you and mumbles some strange words.
You resist with some effort.
It was a potion of magic.
Magic courses through your body. Duvessa hits you but does no damage.
You feel drained.
Duvessa zaps a wand.
You block Dowan's attack.
It was a potion of curing.
You feel better.
Duvessa hits you with a short sword of draining!
* * * LOW HITPOINT WARNING * * *
You feel drained.
* * * LOW HITPOINT WARNING * * *
Dowan casts a spell at you. The puff of flame hits you!
You die...

###.####.## #.. [...#
#.# #.. .# ##### #.# #.#
.# #.# #.# .##### #.#
#.# <.... ###.# #.# ...#
##.#.# #.# ##...#
####....#####.####....#
+.............ebe.....#
##.....##.########.....#
#.###.##.# ##.....# #
#....# #...... #.####
....## ..# ...## ### .##
.#


You could see Duvessa and Dowan.

Vanquished Creatures
  Sigmund (D:2)
  A sky beast (D:5)
  An ogre (D:5)
  A phantom (D:4)
  A bullfrog skeleton (D:4)
  2 worker ants
  Natasha (thrice) (D:2)
  2 iguanas (D:4)
  6 adders
  4 worms
  3 dart slugs
  A leopard gecko (D:1)
  4 orcs
  A ball python (D:1)
  4 giant cockroaches
  5 goblins
  4 hobgoblins
  4 jackals (D:4)
  2 quokkas
  3 bats (D:1)
  7 frilled lizards
  A jackal skeleton (D:4)
  6 kobolds
  9 rats
76 creatures vanquished.

Notes
Turn   | Place    | Note
-------+----------+-------------------------------------------
     0 | D:1      | Chaotic the Minotaur Fighter began the quest for the Orb.
     0 | D:1      | Reached XP level 1. HP: 19/19 MP: 0/0
   242 | D:1      | Reached XP level 2. HP: 25/27 MP: 1/1
   734 | D:2      | Noticed Natasha
   734 | D:2      | Noticed Sigmund
   739 | D:2      | Noticed a crimson imp
   741 | D:1      | Reached XP level 3. HP: 11/33 MP: 2/2
  1515 | D:2      | Killed Natasha
  1515 | D:2      | Reached XP level 4. HP: 28/41 MP: 3/3
  1525 | D:2      | Noticed Natasha
  1532 | D:2      | Killed Natasha
  1555 | D:2      | Noticed Natasha
  1564 | D:2      | Killed Natasha
  1808 | D:2      | Killed Sigmund
  1808 | D:2      | Reached skill level 5 in Fighting
  1808 | D:2      | Reached skill level 5 in Armour
  1808 | D:2      | Reached skill level 5 in Shields
  1808 | D:2      | Reached XP level 5. HP: 34/48 MP: 4/4
  1808 | D:2      | Reached XP level 6. HP: 40/56 MP: 5/5
  2323 | D:3      | Found an ornate altar of the Wu Jian Council.
  2376 | D:3      | Found a stormy altar of Qazlal.
  2783 | D:3      | Found a deep blue altar of Sif Muna.
  3126 | D:4      | Found Hyurph's Distillery.
  3340 | D:4      | Got a jewelled cloak
  3346 | D:4      | Identified the +2 cloak of the Swamp {+Inv rC+ Regen+ Int-5} (You found it on level 4 of the Dungeon)
  3346 | D:4      | Lost intelligence.
  3377 | D:4      | Found Xonysa's Antique Weapon Shop.
  3560 | D:4      | Found Haunisugg's Food Shoppe.
  3872 | D:4      | Reached skill level 5 in Axes
  3872 | D:4      | Reached XP level 7. HP: 57/62 MP: 6/6
  3988 | D:5      | Entered Level 5 of the Dungeon
  4031 | D:5      | Found an opulent altar of Gozag.
  4033 | D:5      | Found Gozag's Platinum Reserve.
  4119 | D:5      | Noticed Dowan
  4120 | D:5      | Noticed Duvessa
  4142 | D:5      | HP: 2/63 [Dowan/dagger (5)]
  4145 | D:5      | Killed from afar by Dowan

Vault maps used:
D:1:      nagdon_arrival_double_spiral, bh_walls_and_bars
D:2:      uniq_natasha, uniq_sigmund
D:3:      marbit_many_paths, led_sif_book, grunt_qazlal_sundering
D:4:      serial_shops, shop_statue, shop_statue, shop, first_ration
D:5:      cheibrodos_barr_body, nicolae_gozag_zags_fifth_avenue,
          minmay_temple_entry_poolview, minmay_misc_feat_diagonals, uniq_duvessa

Skill      XL: |  1  2  3  4  5  6  7 |
---------------+----------------------+-----
Armour         | 4 5 6 |  6.2
Fighting       | 4 5 6 |  6.1
Shields        | 4 5 6 |  6.1
Axes           | 3 4 5 |  5.5

Action                   |  1- 3 |  4- 6 |  7- 9 || total
-------------------------+-------+-------+-------++-------
Melee: War axe           |    90 |   111 |    14 ||   215
       Headbutt          |     9 |    20 |     4 ||    33
       Unarmed           |       |       |    11 ||    11
  Use: Scroll            |     2 |     8 |       ||    10
       Potion            |       |       |     3 ||     3
  Eat: Ration            |     1 |     1 |       ||     2
       Chunk             |       |     3 |       ||     3
Armor: Scale mail        |    39 |    26 |     4 ||    69
Dodge: Dodged            |    28 |    26 |    10 ||    64
Block: Shield            |    52 |    59 |     7 ||   118
       Reflection        |    11 |     2 |       ||    13
       Other             |       |       |     2 ||     2

Table legend:
 A = Spawn XP
 B = Non-spawn XP
 C = Spawn XP percentage of total XP
 D = Spawn monster count
 E = Non-spawn monster count
 F = Spawn count percentage of total count
 G = Total turns spent on level
                    A         B        C        D         E        F      G
               +---------+---------+-------+---------+---------+-------+---------
         Total |       0 |    1073 |   0.0 |       0 |      76 |   0.0 |  4145
               +---------+---------+-------+---------+---------+-------+---------
           D:1 |       0 |      42 |   0.0 |       0 |      26 |   0.0 |   969
           D:2 |       0 |     357 |   0.0 |       0 |      13 |   0.0 |   969
           D:3 |       0 |      52 |   0.0 |       0 |      15 |   0.0 |  1135
           D:4 |       0 |     338 |   0.0 |       0 |      19 |   0.0 |   915
           D:5 |       0 |     284 |   0.0 |       0 |       3 |   0.0 |   157
               +---------+---------+-------+---------+---------+-------+---------
